 Dungeon Crawl Stone Soup version 0.26-a0-651-gb41185065b (webtiles) character file.

Game seed: 3570758699077083785

(classic levelgen) 340843 EnegeticOcto the Champion of Chaos (level 20, -21/192 HPs)
             Began as a Deep Dwarf Fighter on Sept 30, 2020.
             Was the Champion of Makhleb.
             Killed from afar by a white draconian annihilator (56 damage)
             ... with an iron shot
             ... on level 2 of the Realm of Zot.
             The game lasted 00:21:03 (20065 turns).

EnegeticOcto the Champion of Chaos (DDFi)          Turns: 20065, Time: 00:21:04

Health: -21/192    AC: 36    Str: 34    XL:     20   Next: 70%
Magic:  14/14      EV: 16    Int: 14    God:    Makhleb [******]
Gold:   1071       SH: 17    Dex: 19    Spells: 19/19 levels left

rFire    + . .     SeeInvis .   n - +8 mithril axe "Arga" {speed, MR+}
rCold    + . .     Faith    +   c - +0 kite shield
rNeg     + . .     Spirit   .   u - +0 gold dragon scales
rPois    +         Reflect  .   N - +1 helmet of Grace {*Contam Regen+ Int+2 Dex+7}
rElec    .         Harm     .   w - +1 cloak
rCorr    +         Rampage  .   e - +2 pair of gloves
MR       +++..                  i - +2 pair of boots
Stlth    ..........             y - amulet of faith
HPRegen  0.00/turn              A - +4 ring of slaying
MPRegen  0.14/turn              J - ring "Pozyonn" {+Inv rPois MR- rCorr Str+6}

@: non-regenerating, lightly drained
A: damage resistance, heal wounds, molten scales 1, clever 1, negative energy
resistance 1, sense surroundings 3, screaming 1, no regeneration
0: Orb of Zot
}: 3/15 runes: serpentine, barnacled, abyssal
a: Heal Wounds, Minor Destruction, Lesser Servant of Makhleb, Major Destruction,
Greater Servant of Makhleb, Renounce Religion, Evoke Invisibility


You were on level 2 of the Realm of Zot.
You worshipped Makhleb.
Makhleb was exalted by your worship.
You visited 7 branches of the dungeon, and saw 39 of its levels.
You visited the Abyss 1 time.
You also visited: Ossuary.

You collected 2652 gold pieces.
You spent 1581 gold pieces at shops.

Inventory:

Hand Weapons
 n - the +8 mithril axe "Arga" (weapon) {speed, MR+}
   (You bought it in a shop on level 8 of the Dungeon)

   Attacks with this weapon are significantly faster.
   It affects your resistance to hostile enchantments.
 L - a +2 war axe of distortion
Missiles
 d - 6 throwing nets (quivered)
Armour
 c - a +0 kite shield (worn)
 e - a +2 pair of gloves (worn)
 i - a +2 pair of boots (worn)
 u - +0 gold dragon scales (worn)
 v - a +2 plate armour of cold resistance
 w - a +1 cloak (worn)
 F - a +0 plate armour of poison resistance
 G - a scarf of shadows
 K - a +0 helmet
 N - the +1 helmet of Grace (worn) {*Contam Regen+ Int+2 Dex+7}
   (You found it on level 5 of the Depths)

   It affects your intelligence (+2).
   It affects your dexterity (+7).
   It causes magical contamination when unequipped.
   It increases your rate of regeneration.
 Q - a +1 pair of boots
Jewellery
 y - an amulet of faith (around neck)
 A - a +4 ring of slaying (left hand)
 B - an uncursed amulet of magic regeneration {unknown}
 J - the ring "Pozyonn" (right hand) {+Inv rPois MR- rCorr Str+6}
   (You bought it in a shop on level 2 of the Orcish Mines)

   [ring of resist corrosion]

   It affects your strength (+6).
   It protects you from poison.
   It affects your resistance to hostile enchantments.
   It lets you turn invisible.
   It provides partial protection from all sources of acid and corrosion.
 M - the amulet of Iquxo {Inacc rF+ Str+4 Stlth+, unknown}
   (You found it on level 5 of the Depths)

   [amulet of inaccuracy]

   It reduces the accuracy of all your attacks.
   It affects your strength (+4).
   It protects you from fire.
   It makes you more stealthy.
 U - an uncursed ring of poison resistance {unknown}
Wands
 a - a wand of polymorph (21)
 b - a wand of paralysis (12)
 D - a wand of acid (8) {@v1}
 E - a wand of disintegration (36)
 I - a wand of iceblast (12) {@v2}
Scrolls
 f - 14 scrolls of remove curse {@r2}
 g - 3 scrolls of immolation {@r4}
 z - 2 scrolls of teleportation {@r3}
 C - 2 scrolls of enchant armour
 T - a scroll of summoning
Potions
 j - a potion of flight
 k - 8 potions of heal wounds {@q2}
 l - 2 potions of lignification {@q7}
 m - 2 potions of haste {@q4}
 o - 4 potions of stabbing {@q5}
 p - a potion of might {@q3}
 s - 16 potions of curing {@q1}
 t - 3 potions of magic
 x - 5 potions of ambrosia
 H - a potion of mutation
 S - a potion of berserk rage
Miscellaneous
 O - a phantom mirror
 P - a tin of tremorstones (1/3)


   Skills:
 + Level 14.7(14.6) Fighting
 - Level 18.0(17.9) Axes
 + Level 17.1(17.0) Armour
 + Level 13.7(13.6) Dodging
 + Level 17.0(16.9) Shields
 + Level 18.7(18.6) Invocations
 - Level 10.0(9.9) Evocations


You had 19 spell levels left.
You didn't know any spells.
Your spell library was empty.

Dungeon Overview and Level Annotations

Branches:
Dungeon (15/15)            Temple (0/1) D:7            Lair (4/6) D:9
 Shoals (4/4) Lair:2        Snake (4/4) Lair:2          Orc (2/2) D:12
    Elf (0/3) Orc:2        Depths (5/5) D:15            Zot (5/5) Depths:5
Ossuary (visited)
 Vaults: D:13-14

Altars:
Cheibriados
Hepliaklqana
Kikubaaqudgha
Makhleb
Nemelex Xobeh
Okawaru
Qazlal
Ru
Uskayaw
Wu Jian
Xom
Yredelemnul
Zin
The Shining One

Shops:
D:5 :   D:6 [   D:8 (   D:9 (*!   Orc:2 =*[(

Portals:
Hell: Depths:5

Annotations:
D:4 2 transporters, night's ghost, novice MfIE
Lair:4 1 runed translucent door, Eckutwi's ghost, journeyman DEIE
Shoals:1 1 transporter, Goyschic's ghost, adept DDFi
Snake:4 3 runed translucent doors, EnegeticOcto's ghost, journeyman DDFi
Depths:1 1 exclusion
Depths:3 exclusion: downstairs


Innate Abilities, Weirdness & Mutations

You are resistant to damage.
You can heal yourself by infusing magical energy.
You resist negative energy. (rN+)
You passively map a large area around you.
You do not regenerate.
You are partially covered in molten scales. (AC +2)
Your mind is acute. (Int +2)
You occasionally shout uncontrollably at your foes.


Message History

You barely miss the death cob.
The death cob is heavily damaged.
You slash the red draconian!
You are engulfed in blazing flames.
You resist. You block the death cob's attack.
The red draconian breathes flames at you.
The searing blast hits you! You resist.
You closely miss the death cob.
The death cob is heavily damaged.
You barely miss the red draconian.
You are engulfed in blazing flames.
You resist. The death cob barely misses you.
The white draconian annihilator casts a spell at you.
The iron shot hits you!!!
* * * LOW HITPOINT WARNING * * *
You are too injured to fight recklessly!
You are too injured to fight recklessly!
You are too injured to fight recklessly!
You are too injured to fight recklessly!
You are too injured to fight recklessly!
You are too injured to fight recklessly!
You are too injured to fight recklessly!
You are too injured to fight recklessly!
You are too injured to fight recklessly!
You are too injured to fight recklessly!
You are too injured to fight recklessly!
You are too injured to fight recklessly!
You are too injured to fight recklessly!
You are too injured to fight recklessly!
You are too injured to fight recklessly!
You are too injured to fight recklessly!
You are too injured to fight recklessly!
You are too injured to fight recklessly!
You feel much better.
You are engulfed in blazing flames.
You resist. You block the death cob's attack. The death cob closely misses you.
A death cob comes into view.
You block the red draconian's attack.
The white draconian annihilator gestures wildly while chanting.
The white draconian annihilator blinks!
The death cob hits you but does no damage.
The purple draconian closely misses your balrug.
You feel much better.
The death cob hits you but does no damage.
Your balrug gestures at the death cob.
The death cob is smitten.
The black draconian closely misses you. You block the death cob's attack.
The red draconian hits your balrug with a +0 mace!
The purple draconian barely misses your balrug.
Your balrug hits the red draconian with a +0 antimagic demon whip!
The red draconian is engulfed in flames!
The red draconian resists.
The purple draconian annihilator misses you.
You hit the death cob.
The death cob is heavily damaged.
You hit the purple draconian annihilator.
You slash the red draconian! You block the death cob's attack.
The black draconian hits you but does no damage.
You slice the death cob!!
The death cob is severely damaged.
You hit the red draconian but do no damage.
You barely miss the purple draconian annihilator.
The death cob misses you.
Your balrug gestures at the red draconian.
The red draconian is smitten.
The white draconian annihilator casts a spell.
The white draconian annihilator blinks!
The death cob hits your balrug!
The death cob drains your balrug's vigour!
Your balrug seems to slow down.
The red draconian breathes flames at you.
The searing blast hits you!! You resist.
The purple draconian breathes dispelling energy at you.
The bolt of dispelling energy hits your balrug!!!
Your balrug's magical effects unravel!
The bolt of dispelling energy hits you.
Your magical effects are unravelling.
You are too injured to fight recklessly!
You are too injured to fight recklessly!
You are too injured to fight recklessly!
You are too injured to fight recklessly!
You are too injured to fight recklessly!
You are too injured to fight recklessly!
You are too injured to fight recklessly!
You are too injured to fight recklessly!
You are too injured to fight recklessly!
You are too injured to fight recklessly!
You are too injured to fight recklessly!
You are too injured to fight recklessly!
You are too injured to fight recklessly!
You are too injured to fight recklessly!
You feel much better.
You are engulfed in blazing flames.
You resist.
You feel yourself speed up.
You feel yourself slow down. The death cob hits your balrug.
The death cob drains your balrug's vigour!
Your balrug seems to slow down.
The purple draconian annihilator points at you and mumbles some strange words.
The iron shot hits you!!!
* * * LOW HITPOINT WARNING * * *
You block the black draconian's attack. The death cob hits your balrug!!
Your balrug dies!
The white draconian annihilator points at you and mumbles some strange words.
The iron shot hits you!!!
You die...

*,* *.....,,,,,,,,* *,*
*.....,,,,,,,,* #,*
*#...##***,,,,,, #.*
*....$,,,,,,,,,,
#.###...#,,,,,*,,,,,
#.#.....#,,,,,*,,,,,
#...d...#,,,,,*,,,,,
*#...zz..#,,,,,*,,,,,
#.##@dqd.##,,,**,,,,,
**,*#.qd...#****,,,,,,
#......ยง.....,,,,,,,,,
##...q.......,,,,,,,,,
##....####..,,,,,****
##..## **,.,,,,,** *
##.# *,,,,,,,,,*
#.#***,,,,,,,,,***
#..**,,,,****,,,**


You could see a black draconian, a green draconian, a purple draconian (catching
breath), a red draconian (catching breath), 2 death cobs, 2 draconians and a
purple draconian scorcher.

Vanquished Creatures
  An ancient lich (Abyss:4)
  Bai Suzhen (Shoals:4)
  Saint Roka (Depths:1)
  4 caustic shrikes (Depths:5)
  4 golden dragons
  Nikola (Depths:3)
  3 electric golems
  A bone dragon (Abyss:4)
  5 tentacled monstrosities
  Jorgrun (Snake:1)
  5 quicksilver dragons
  3 Orb Guardians (Zot:5)
  3 tentacled starspawn (Abyss:4)
  A sphinx (Depths:1)
  A death cob (Zot:2)
  A thorn hunter (Abyss:4)
  4 shadow dragons
  7 tengu reavers
  Donald (Snake:1)
  8 nagarajas
  8 storm dragons
  A draconian monk (Zot:1)
  4 frost giants
  A fire giant (Depths:1)
  3 iron dragons (Depths:5)
  5 deep elf sorcerers
  A draconian knight (Zot:1)
  2 orc warlords (Orc:2)
  A draconian shifter (Zot:5)
  A draconian scorcher (Zot:5)
  A spriggan defender (Depths:5)
  A stone giant (Depths:4)
  3 draconian annihilators (Depths:5)
  11 very ugly things
  3 vampire knights
  2 black draconians
  4 green draconians
  3 red draconians
  A spark wasp (Depths:5)
  5 ettins
  A merfolk javelineer (Shoals:1)
  2 yellow draconians
  6 fire dragons
  Josephine (D:12)
  4 merfolk impalers (Shoals:4)
  3 jiangshi (Depths:1)
  4 yaktaur captains
  4 rakshasas
  17 naga warriors
  3 ogre magi
  3 spriggan air magi
  A great orb of eyes (Depths:3)
  Erolcha (D:11)
  Harold (D:7)
  4 hydras
  An ice dragon (Depths:5)
  A catoblepas (Lair:2)
  3 centaur warriors
  Erica (D:8)
  8 two-headed ogres
  3 merfolk aquamancers (Shoals:4)
  2 satyrs (Abyss:4)
  A shambling mangrove (Abyss:4)
  2 alligator snapping turtles (Shoals:4)
  3 dancing weapons (Zot:1)
  3 deep troll shamans
  2 vampire magi
  11 anacondas
  3 tengu warriors
  3 deep troll earth magi
  A thrashing horror (Abyss:4)
  4 orc high priests (Orc:2)
  3 spriggan berserkers
  7 naga sharpshooters
  7 shock serpents
  3 salamander mystics
  2 wretched stars (Abyss:4)
  A death drake (shapeshifter) (Depths:4)
  2 sixfirhies (Abyss:4)
  An unseen horror (D:13)
  5 sea snakes
  2 starcursed masses (Abyss:4)
  3 iron trolls (Depths:1)
  A glowing orange brain (Depths:1)
  8 deep trolls
  2 phantasmal warriors (Depths:4)
  4 orc knights (Orc:2)
  10 naga ritualists
  11 harpies
  6 manticores
  4 orc sorcerers
  10 mana vipers
  5 ugly things
  10 moths of wrath
  4 cyclopes
  2 worldbinders (Abyss:4)
  4 fauns (Shoals:3)
  7 guardian serpents (Snake:4)
  20 black mambas
  An ice statue (Shoals:4)
  4 salamanders (Snake:4)
  6 elephants (Lair:3)
  5 water nymphs
  A merfolk siren (Shoals:1)
  10 naga magi
  6 cane toads
  A smoke demon (Abyss:4)
  A torpor snail (Lair:4)
  A gargoyle (D:11)
  3 komodo dragons
  3 efreet
  5 kobold demonologists
  A rime drake (Lair:3)
  3 ancient zymes (Abyss:4)
  A demonic crawler (Abyss:4)
  9 yaktaurs
  11 merfolk
  4 trolls
  2 wind drakes
  8 slime creatures
  A raiju (Abyss:4)
  7 hornets
  6 snapping turtles
  A dream sheep (shapeshifter) (Depths:1)
  7 hippogriffs
  14 blink frogs
  4 dream sheep (Shoals:1)
  A centaur simulacrum (D:15)
  2 shadows
  3 wraiths (D:12)
  5 wyverns
  8 water elementals
  34 yaks
  A basilisk (Lair:1)
  2 spriggans (Depths:3)
  A steam dragon (D:8)
  2 chaos spawn (Abyss:4)
  Menkaure (D:7)
  2 wargs (Orc:2)
  40 nagas
  2 soldier ants
  10 water moccasins
  9 large abominations (Abyss:4)
  A hell hound (Abyss:4)
  41 orc warriors
  3 porcupines (Lair:4)
  6 ice beasts
  3 sky beasts
  A swamp drake (Abyss:4)
  17 ogres
  An eye of draining (D:11)
  4 black bears
  4 necrophages
  4 wolves (Lair:3)
  3 boggarts (D:15)
  3 phantoms
  10 crocodiles
  7 centaurs
  4 big kobolds
  9 bullfrogs
  A water moccasin zombie (Ossuary)
  A wyvern skeleton (D:13)
  6 scorpions
  A water moccasin skeleton (D:7)
  12 killer bees
  A small abomination (Abyss:4)
  6 wights
  A bullfrog zombie (D:5)
  4 centaur zombies
  A quasit (D:12)
  4 hounds
  27 orc priests
  An iron imp (Abyss:4)
  4 jellies
  36 orc wizards
  3 bullfrog skeletons
  2 centaur skeletons
  Crazy Yiuf (D:7)
  3 iguanas
  Natasha (thrice) (D:3)
  5 worker ants
  3 killer bee zombies
  4 big kobold zombies (Ossuary)
  A hound zombie (D:7)
  2 hound skeletons (D:6)
  2 mummies (Ossuary)
  2 worker ant zombies
  11 adders
  A gnoll (D:1)
  5 shadow imps
  8 white imps
  6 ufetubi
  5 adder zombies (Ossuary)
  An adder skeleton (D:4)
  3 worms
  8 leopard geckos
  106 orcs
  5 giant cockroaches
  2 gnoll zombies (Ossuary)
  2 goblins
  4 hobgoblins
  3 jackals (D:1)
  5 quokkas
  2 ball pythons
  4 bats
  4 frilled lizards
  4 hobgoblin zombies (Ossuary)
  A jackal zombie (D:5)
  30 kobolds
  5 kobold zombies (Ossuary)
  A leopard gecko zombie (D:6)
  6 orc zombies (Ossuary)
  3 quokka skeletons
  9 rats
  4 starspawn tentacles (Abyss:4)
1123 creatures vanquished.

Vanquished Creatures (collateral kills)
  A quicksilver dragon (Depths:4)
  A shadow dragon (Depths:4)
  A frost giant (Shoals:4)
  An iron dragon (Depths:4)
  An orc warlord (Orc:1)
  A spriggan defender (Depths:4)
  A stone giant (Depths:4)
  A naga warrior (Snake:4)
  A hydra (Lair:1)
  A merfolk aquamancer (Shoals:4)
  A sea snake (Shoals:4)
  A naga ritualist (Snake:4)
  A manticore (Shoals:4)
  A worldbinder (Abyss:4)
  A merfolk siren (Shoals:4)
  A black mamba (Snake:4)
  A naga mage (Snake:4)
  A troll (Orc:2)
  A blink frog (Lair:4)
  A wraith (D:12)
  2 nagas (Snake:4)
  3 orc warriors (Orc:1)
  An ogre (Orc:1)
  An orc priest (Orc:2)
  An orc wizard (Orc:1)
  An ufetubus (D:8)
  4 orcs (Orc:1)
33 creatures vanquished.

Vanquished Creatures (others)
  A draconian knight (Zot:1)
  2 naga warriors (Snake:4)
  2 spriggan air magi (Depths:3)
  Maurice (Orc:2)
  An orc priest (Depths:1)
  An orc (Depths:1)
  6 fungi
  32 plants
  4 starspawn tentacles (Abyss:4)
50 creatures vanquished.

Grand Total: 1206 creatures vanquished

Notes
Turn   | Place    | Note
-------+----------+-------------------------------------------
     0 | D:1      | EnegeticOcto the Deep Dwarf Fighter began the quest for the
                  | Orb.
     0 | D:1      | Reached XP level 1. HP: 20/20 MP: 1/1
    65 | D:1      | Reached XP level 2. HP: 25/27 MP: 2/2
   304 | D:2      | Reached XP level 3. HP: 20/33 MP: 2/2
   312 | D:2      | Found an ancient bone altar of Kikubaaqudgha.
   524 | D:3      | Found a basalt altar of Yredelemnul.
   626 | D:3      | Noticed Natasha
   638 | D:3      | Killed Natasha
   638 | D:3      | Reached XP level 4. HP: 21/42 MP: 2/2
   667 | D:3      | Noticed Natasha
   676 | D:3      | Killed Natasha
   701 | D:3      | Noticed Natasha
   709 | D:3      | Killed Natasha
   763 | D:3      | Reached XP level 5. HP: 44/49 MP: 2/2
   969 | D:4      | Found a transporter.
  1028 | D:4      | Found a transporter.
  1063 | D:4      | Noticed night's ghost (novice MfIE)
  1109 | D:4      | Found a hide-covered altar of Uskayaw.
  1210 | D:4      | You fall into a shaft and drop 3 floors!
  1222 | D:7      | Reached XP level 6. HP: 30/56 MP: 3/3
  1249 | D:7      | Reached skill level 5 in Axes
  1250 | D:7      | Noticed an ice beast
  1261 | D:7      | Killed an ice beast
  1318 | D:7      | Noticed a sky beast
  1325 | D:7      | Reached XP level 7. HP: 48/64 MP: 4/4
  1343 | D:7      | Reached skill level 5 in Armour
  1344 | D:7      | Noticed Harold
  1360 | D:7      | Reached skill level 5 in Shields
  1384 | D:7      | Killed Harold
  1384 | D:7      | Reached XP level 8. HP: 55/73 MP: 4/4
  1401 | D:7      | Reached skill level 5 in Fighting
  1464 | D:7      | Found a burning altar of Makhleb.
  1487 | D:7      | Became a worshipper of Makhleb the Destroyer
  1548 | D:6      | Reached skill level 1 in Invocations
  1589 | D:6      | Found Seseggimm's Antique Armour Boutique.
  1796 | D:6      | Found a glowing silver altar of Zin.
  1808 | D:6      | Reached * piety under Makhleb
  1847 | D:5      | Entered Level 5 of the Dungeon
  1953 | D:5      | Gained mutation: You passively map the area around you.
                  | [Deep Dwarf growth]
  1953 | D:5      | Reached XP level 9. HP: 48/81 MP: 4/4
  2273 | D:5      | Found Iprer's Book Emporium.
  3188 | D:6      | Reached ** piety under Makhleb
  3277 | D:7      | Found an iron altar of Okawaru.
  3278 | D:7      | Identified the +8 mace of Strategic Superiority {antimagic,
                  | rC+ rN+ Int+3 Stlth-}
  3308 | D:7      | Found a staircase to the Ecumenical Temple.
  3480 | D:7      | Noticed Menkaure
  3489 | D:7      | Killed Menkaure
  3550 | D:7      | Found a runed translucent door.
  3551 | D:7      | Noticed Crazy Yiuf
  3840 | D:7      | Killed Crazy Yiuf
  4284 | D:8      | Found an ornate altar of the Wu Jian Council.
  4284 | D:8      | Found a sparkling altar of Nemelex Xobeh.
  4284 | D:8      | Found a stormy altar of Qazlal.
  4284 | D:8      | Found a hazy altar of Hepliaklqana.
  4284 | D:8      | Found a snail-covered altar of Cheibriados.
  4284 | D:8      | Found a sacrificial altar of Ru.
  4284 | D:8      | Found a shimmering altar of Xom.
  4317 | D:8      | Reached XP level 10. HP: 49/91 MP: 7/7
  4388 | D:8      | Noticed a two-headed ogre
  4404 | D:8      | Killed a two-headed ogre
  4404 | D:8      | Reached skill level 10 in Axes
  4404 | D:8      | Reached skill level 5 in Invocations
  4417 | D:8      | Noticed Erica
  4427 | D:8      | Killed Erica
  4431 | D:8      | Reached *** piety under Makhleb
  4453 | D:8      | Found a sand-covered staircase.
  4458 | Ossuary  | Entered an ossuary
  4593 | Ossuary  | Reached **** piety under Makhleb
  4895 | D:8      | Found Ukuyg's Weapon Shoppe.
  5458 | D:9      | Found a staircase to the Lair.
  5540 | D:9      | Found Coacushrytta's Weapon Emporium.
  5683 | D:9      | Found Qadoxzorch's Distillery.
  5874 | D:9      | Found Qovvoh's Assorted Antiques.
  5877 | D:9      | Bought a scroll labeled POT UP FOI for 22 gold pieces
  6153 | D:10     | Entered Level 10 of the Dungeon
  6271 | D:10     | Reached XP level 11. HP: 100/100 MP: 7/7
  6299 | D:10     | Reached ***** piety under Makhleb
  6932 | D:11     | Paralysed by a hornet for 3 turns
  7414 | D:11     | Noticed Erolcha
  7432 | D:11     | Killed Erolcha
  7543 | D:12     | Found a staircase to the Orcish Mines.
  7560 | D:12     | Noticed Josephine
  7580 | D:12     | Killed Josephine
  7762 | D:12     | Noticed a cyan ugly thing
  7869 | Orc:1    | Entered Level 1 of the Orcish Mines
  8073 | Orc:1    | Noticed an orc warlord
  8101 | Orc:1    | Killed an orc warlord
  8195 | Orc:2    | Entered Level 2 of the Orcish Mines
  8479 | D:8      | Bought the +8 mithril axe "Arga" {speed, MR+} for 839 gold
                  | pieces
  8479 | D:8      | Found the +8 mithril axe "Arga" {speed, MR+}
  8743 | D:12     | Reached XP level 12. HP: 110/110 MP: 4/4
  9054 | D:12     | Noticed a two-headed ogre
  9065 | D:12     | Killed a two-headed ogre
  9101 | D:12     | Noticed an eight-headed hydra
  9125 | D:12     | Killed a 17-headed hydra
  9125 | D:12     | Reached skill level 10 in Shields
  9128 | D:12     | Reached skill level 10 in Armour
  9202 | D:12     | Noticed a centaur warrior
  9214 | D:12     | Killed a centaur warrior
  9422 | Lair:1   | Entered Level 1 of the Lair of Beasts
  9572 | Lair:1   | Noticed a six-headed hydra
  9581 | Lair:1   | Killed a nine-headed hydra
  9876 | Orc:2    | Found a staircase to the Elven Halls.
  9952 | Orc:2    | Reached ****** piety under Makhleb
  9997 | Orc:2    | Noticed an orc high priest
 10000 | Orc:2    | Noticed an orc high priest
 10008 | Orc:2    | Reached skill level 10 in Invocations
 10010 | Orc:2    | Noticed an orc warlord
 10020 | Orc:2    | Noticed an orc high priest
 10022 | Orc:2    | Killed an orc high priest
 10042 | Orc:2    | Killed an orc high priest
 10043 | Orc:2    | Killed an orc high priest
 10043 | Orc:2    | Reached XP level 13. HP: 121/121 MP: 4/4
 10043 | Orc:2    | Killed an orc warlord
 10057 | Orc:2    | Noticed Maurice
 10073 | Orc:2    | Killed Maurice
 10153 | Orc:2    | Found Mehaymei's General Store.
 10154 | Orc:2    | Found Lusua's Jewellery Shoppe.
 10155 | Orc:2    | Found Lelemunk's Antique Armour Shoppe.
 10155 | Orc:2    | Found Jewee's Antique Weapon Emporium.
 10219 | Orc:2    | Noticed an orc warlord
 10245 | Orc:2    | Killed an orc warlord
 11003 | Lair:2   | Found a staircase to the Snake Pit.
 11130 | Lair:2   | Found a staircase to the Shoals.
 11426 | Lair:3   | Reached skill level 15 in Axes
 11949 | Lair:4   | Found a runed translucent door.
 12107 | Lair:4   | Found a shimmering altar of Xom.
 12107 | Lair:4   | Noticed Eckutwi's ghost (journeyman DEIE)
 12108 | Lair:4   | Identified the +6 quarterstaff of Hoscha {chaos, MR+ Int+5
                  | SInv Stlth-}
 12201 | Lair:4   | Reached skill level 1 in Dodging
 12217 | Lair:4   | Gained mutation: You resist negative energy. (rN+) [Deep
                  | Dwarf growth]
 12217 | Lair:4   | Reached XP level 14. HP: 98/130 MP: 6/6
 12319 | Lair:4   | Reached skill level 10 in Fighting
 13072 | D:15     | Entered Level 15 of the Dungeon
 13231 | D:15     | Noticed a frost giant
 13232 | D:15     | Found a staircase to the Depths.
 13239 | D:15     | Killed a frost giant
 13579 | Orc:2    | Bought the ring "Pozyonn" {+Inv rPois MR- rCorr Str+6} for
                  | 512 gold pieces
 13591 | Orc:2    | Bought an embroidered scarf for 208 gold pieces
 13830 | Snake:1  | Entered Level 1 of the Snake Pit
 13830 | Snake:1  | Noticed Jorgrun
 13843 | Snake:1  | Killed Jorgrun
 13843 | Snake:1  | Reached skill level 1 in Evocations
 14022 | Snake:1  | Noticed Donald
 14039 | Snake:1  | Killed Donald
 14070 | Snake:2  | Noticed a nagaraja
 14100 | Snake:2  | Reached XP level 15. HP: 103/140 MP: 8/8
 14262 | Snake:2  | Killed a nagaraja
 14262 | Snake:2  | Reached skill level 5 in Dodging
 14678 | Snake:4  | Entered Level 4 of the Snake Pit
 14866 | Snake:3  | Reached skill level 5 in Evocations
 15013 | Snake:4  | Found a runed translucent gate.
 15013 | Snake:4  | Found a runed translucent gate.
 15013 | Snake:4  | Found a runed translucent gate.
 15020 | Snake:4  | Noticed EnegeticOcto's ghost (journeyman DDFi)
 15496 | Snake:4  | Noticed a nagaraja
 15502 | Snake:4  | Reached XP level 16. HP: 121/150 MP: 10/10
 15686 | Snake:4  | Got a serpentine rune of Zot
 15921 | Shoals:1 | Entered Level 1 of the Shoals
 16005 | Shoals:1 | Found a transporter.
 16009 | Shoals:1 | Noticed Goyschic's ghost (adept DDFi)
 16220 | Shoals:4 | Entered Level 4 of the Shoals
 16220 | Shoals:4 | Noticed Bai Suzhen
 16241 | Shoals:4 | Killed Bai Suzhen
 16285 | Shoals:4 | Reached XP level 17. HP: 159/159 MP: 11/11
 16290 | Shoals:4 | Identified the +0 ring mail of the Pit {Harm Stlth+}
 16562 | Shoals:4 | Got a barnacled rune of Zot
 16710 | D:9      | Gained mutation: You tend to lose your temper in combat.
                  | [mutagenic glow]
 16917 | D:9      | Gained mutation: You are partially covered in molten
                  | scales. (AC +2) [mutagenic glow]
 16918 | D:9      | Cast into level 4 of the Abyss (unwielding a weapon of
                  | distortion)
 16925 | Abyss:4  | Found a corrupted altar of Lugonu.
 16931 | Abyss:4  | Gained mutation: You are clumsy. (Dex -2) [mutagenic glow]
 16953 | Abyss:4  | Gained mutation: You occasionally shout uncontrollably at
                  | your foes. [mutagenic glow]
 17002 | Abyss:4  | Noticed a bone dragon
 17016 | Abyss:4  | Killed a bone dragon
 17104 | Abyss:4  | Lost mutation: You are clumsy. (Dex -2) [potion of
                  | mutation]
 17104 | Abyss:4  | Lost mutation: You tend to lose your temper in combat.
                  | [potion of mutation]
 17104 | Abyss:4  | Gained mutation: Your body sometimes deteriorates upon
                  | taking damage. [potion of mutation]
 17104 | Abyss:4  | Lost mutation: Your body sometimes deteriorates upon taking
                  | damage. [potion of mutation]
 17104 | Abyss:4  | Gained mutation: Your mind is acute. (Int +2) [potion of
                  | mutation]
 17199 | Abyss:4  | Noticed an ancient lich
 17223 | Abyss:4  | Killed an ancient lich
 17223 | Abyss:4  | Reached skill level 15 in Invocations
 17398 | Abyss:4  | Reached skill level 10 in Evocations
 17454 | Abyss:4  | Got an abyssal rune of Zot
 17459 | Abyss:5  | Entered Level 5 of the Abyss
 17463 | Abyss:5  | Found a corrupted altar of Lugonu.
 17515 | D:9      | Escaped the Abyss
 17741 | Depths:1 | Entered Level 1 of the Depths
 17771 | Depths:1 | Reached skill level 10 in Dodging
 17801 | Depths:1 | Gained mutation: You passively map a large area around you.
                  | [Deep Dwarf growth]
 17801 | Depths:1 | Reached XP level 18. HP: 119/170 MP: 13/13
 17871 | Depths:1 | Found a glowing golden altar of the Shining One.
 17940 | Depths:1 | Noticed Saint Roka
 17973 | Depths:1 | Killed Saint Roka
 18181 | Depths:1 | Noticed a golden dragon
 18207 | Depths:1 | Reached skill level 15 in Armour
 18303 | Depths:3 | Reached skill level 15 in Shields
 18475 | Depths:3 | Noticed Nikola
 18499 | Depths:3 | Killed Nikola
 18548 | Depths:4 | Reached XP level 19. HP: 112/180 MP: 15/15
 18582 | Depths:5 | Entered Level 5 of the Depths
 18680 | Depths:5 | Noticed a caustic shrike
 18680 | Depths:5 | Noticed a caustic shrike
 18681 | Depths:5 | Noticed a caustic shrike
 18699 | Depths:5 | Killed a caustic shrike
 18704 | Depths:5 | Killed a caustic shrike
 18711 | Depths:5 | Killed a caustic shrike
 18755 | Depths:5 | Noticed a golden dragon
 18764 | Depths:5 | Killed a golden dragon
 18788 | Depths:5 | Noticed a caustic shrike
 18803 | Depths:5 | Killed a caustic shrike
 18851 | Depths:5 | Got a bound ruby amulet
 18902 | Depths:5 | Got a translucent helmet
 18912 | Depths:5 | Identified the +1 helmet of Grace {*Contam Regen+ Int+2
                  | Dex+7} (You found it on level 5 of the Depths)
 18960 | Depths:5 | Found a gateway to Hell.
 19164 | Depths:5 | Found a gate to the Realm of Zot.
 19197 | Depths:5 | Noticed a golden dragon
 19229 | Depths:5 | Killed a golden dragon
 19258 | Zot:1    | Entered Level 1 of the Realm of Zot
 19345 | Zot:1    | Reached XP level 20. HP: 190/190 MP: 15/17
 19732 | Zot:3    | Noticed a golden dragon
 19754 | Zot:3    | Killed a golden dragon
 19769 | Zot:5    | Entered Level 5 of the Realm of Zot
 19769 | Zot:5    | Noticed a golden dragon
 19792 | Zot:5    | Killed a golden dragon
 19827 | Zot:5    | Noticed an ancient lich
 19861 | Zot:5    | Noticed a Killer Klown
 19866 | Zot:5    | Noticed an orb of fire
 19867 | Zot:5    | Noticed a Killer Klown
 19868 | Zot:5    | Noticed a golden dragon
 19871 | Zot:5    | Noticed an ancient lich
 19871 | Zot:5    | Noticed a Killer Klown
 19877 | Zot:5    | Noticed an orb of fire
 19878 | Zot:5    | Noticed a Killer Klown
 19887 | Zot:5    | Noticed a Killer Klown
 19890 | Zot:5    | Noticed a Killer Klown
 19902 | Zot:5    | Noticed a Killer Klown
 19903 | Zot:5    | Noticed a Killer Klown
 19909 | Zot:5    | Got the Orb of Zot
 20065 | Zot:2    | Killed from afar by a white draconian annihilator

Illustrated notes

Levels and vault maps discovered:
D:1:      dpeg_arrival_more_subterranean_lakeside_camping, layout_rooms,
          serial_forest, infiniplex_forest_corner_2, infiniplex_forest_lined_2,
          infiniplex_forest_clump_curved, infiniplex_forest_lined_2,
          infiniplex_forest_corner_1, infiniplex_forest_clump_small,
          infiniplex_forest_end_3
D:2:      layout_loops_cross, overflow_temple_1_default, uniq_jessica
D:3:      layout_rooms, yredelemnul_altar_generic, fedhas_ov_isle_minmay,
          serial_aquarium, aquarium_bridge_island_small
          [aquarium_subvault_small_water, aquarium_subvault_bridge,
          aquarium_subvault_bridge, aquarium_subvault_bridge,
          aquarium_subvault_wall], aquarium_window_double, aquarium_window_fake,
          aquarium_window_2, aquarium_view_2e, aquarium_view_2b, uniq_natasha
D:4:      layout_rooms, nicolae_overflow_crystal_walls, gammafunk_ghost_arena,
          grunt_ministairs_4, minmay_misc_feat_secret_circle
D:5:      layout_basic, serial_shops, nicolae_shop_stone, glass_columns_b
D:6:      layout_gridville, lemuel_crystal_altar, serial_shops, shop
D:7:      layout_gridville, kennysheep_mini_moat,
          minmay_temple_entry_sparse_star, hangedman_decor_points,
          grunt_ministairs_4, minmay_misc_feat_cross, okawaru_ov_weapons_minmay,
          uniq_harold, uniq_menkaure, uniq_crazy_yiuf_cottage
D:8:      layout_basic, grunt_temple_overflow_open, serial_shops, shop,
          enter_ossuary_2, uniq_erica
D:9:      layout_long_grid, david_lair_shrubbed, serial_shops, shop,
          nicolae_shop_crystal, kennysheep_mini
D:10:     layout_long_grid, minmay_misc_feat_iff
D:11:     layout_cave_pools, uniq_erolcha
D:12:     kennysheep_windowed_halls, layout_loops_ring, david_orc_3,
          uniq_josephine
D:13:     layout_rooms, gammafunk_ghost_icy, st_stairs_11, nicolae_good_shop
D:14:     layout_stronghold, skrybe_vaults_entry_preservation,
          corexii_hall_statues_l, kennysheep_generic_room_7
D:15:     grunt_enter_depths_snipers, layout_irregular_city
Lair:1:   layout_small_grid
Lair:2:   layout_roguey, minmay_shoals_entry_hut, dummy_snake_entry,
          st_stairs_8, grunt_megastairs_4
Lair:3:   layout_roguey, grunt_megastairs_5
Lair:4:   layout_regular_city, ebering_ghost_xom
Shoals:1: layout_shoals, gammafunk_ghost_arena, nicolae_shoals_wave_tunnel
Shoals:2: nzn_motion_control, layout_shoals, nicolae_shoals_arrival_archipelago
Shoals:3: layout_shoals, nicolae_shoals_this_corrosion
Shoals:4: shoals_end_grunt_ice, layout_shoals, dpeg_stationary_puzzle,
          uniq_bai_suzhen
Snake:1:  layout_basic, gammafunk_ghost_grave, serial_bayou_shore_b,
          uniq_donald, uniq_jorgrun
Snake:2:  layout_onion_interference
Snake:3:  layout_basic, uniq_kirke
Snake:4:  johnstein_snake_rune_scales, layout_basic, gammafunk_ghost_necromancy
Orc:1:    layout_caves, minmay_orc_barracks
Orc:2:    st_orc_congregation, layout_caves, serial_shops, bzr_entry_islet,
          mines_bat_river, uniq_maurice
Depths:1: evilmike_inaccessible_box, layout_honeycomb, wad_floor_pattern_1,
          hellmouth_1, minmay_misc_feat_four_crosses, minivault_22,
          tso_metal_star, serial_bayou_shore_b, uniq_saint_roka
Depths:2: minmay_the_grid_net [minmay_the_grid_square_x,
          minmay_the_grid_minigrid_medium, minmay_the_grid_box_x,
          minmay_the_grid_artifice, minmay_the_grid_odd_star,
          minmay_the_grid_prize_diamond_cup], layout_honeycomb,
          enter_ziggurat_c, pan_entry, lightli_too_deep, corner_web_ring,
          kennysheep_flooded_box, hangedman_abyss_or_decor_slice
Depths:3: minmay_tri_box, layout_cave_shapes, serial_shops,
          nicolae_shop_statue_plus, abyss_entry, serial_bayou_pond_c,
          hell_entry, rand_demon_pan_entry_8, uniq_nikola
Depths:4: minmay_connected_triangles_in_corner, layout_cave_shapes, abyss_entry,
          minmay_misc_feat_doors, pf_coc_iceberg, st_stairs_12,
          kennysheep_small_spiral, serial_bayou_shore_a, uniq_frederick,
          uniq_boris
Depths:5: grunt_zot_entry_bicorn, layout_gridlike,
          ebering_dispersal_statue_hall, hell_entry, minmay_swirly_circle,
          roderic_lattice_octagonal_star
Zot:1:    regret_index_qazlal_generations, layout_basic
Zot:2:    layout_cathedral_of_symmetry, amethyst_zot_foddershock
Zot:3:    layout_onion, st_single_dragon_hoard_1, grunt_ministairs_7
Zot:4:    circus_mu, layout_misc_corridors, hangedman_hellfire_club
Zot:5:    layout_basic, uniq_tiamat

Skill      XL: |  1  2  3  4  5  6  7  8  9 10 11 12 13 14 15 16 17 18 19 20 |
---------------+-------------------------------------------------------------+-----
Axes           | 3 4 5 7 8 9 11 12 14 15 16 17 18 | 18.0
Fighting       | 3 4 5 6 7 8 9 10 11 12 13 14 | 14.7
Armour         | 4 5 6 7 8 9 10 11 12 13 14 15 16 17 | 17.1
Shields        | 4 5 6 7 8 9 10 11 12 13 14 15 16 17 | 17.0
Invocations    | 2 4 6 8 10 11 12 13 14 15 16 18 | 18.7
Dodging        | 1 4 6 8 10 11 12 13 | 13.7
Evocations     | 2 5 8 10 | 10.0

Action                   |  1- 3 |  4- 6 |  7- 9 | 10-12 | 13-15 | 16-18 | 19-21 || total
-------------------------+-------+-------+-------+-------+-------+-------+-------++-------
Melee: War axe           |   101 |   150 |   413 |   683 |       |       |       ||  1347
       Unarmed           |       |       |     3 |       |       |       |       ||     3
       Broad axe         |       |       |       |   230 |   852 |  1046 |   623 ||  2751
Invok: Lesser Servant of |       |       |       |    12 |     7 |     3 |       ||    22
       Greater Servant o |       |       |       |       |     1 |     5 |     3 ||     9
 Abil: Heal Wounds       |     2 |     3 |    13 |    30 |     6 |     8 |    19 ||    81
Evoke: Wand              |       |       |       |     1 |     1 |     3 |     1 ||     6
       Tin of tremorston |       |       |       |       |       |       |     3 ||     3
  Use: Potion            |       |       |     1 |     2 |     1 |     4 |     7 ||    15
       Scroll            |       |       |       |    26 |     8 |     9 |     8 ||    51
 Stab: Distracted        |       |       |       |     2 |     1 |     9 |       ||    12
       Invisible         |       |       |       |    14 |       |       |     5 ||    19
Armor: Scale mail        |    37 |       |       |       |       |       |       ||    37
       Plate armour      |    11 |   102 |   215 |   576 |   386 |   361 |    43 ||  1694
       Gold dragon scale |       |       |       |       |       |       |   199 ||   199
Dodge: Dodged            |    26 |    36 |    99 |   215 |   185 |   258 |   194 ||  1013
Block: Kite shield       |    60 |    66 |   239 |   640 |   422 |   538 |   339 ||  2304

Table legend: (Time is in decaauts)
 A = Elapsed time spent in this place.
 B = Non-inter-level travel time spent in this place.
 C = Inter-level travel time spent in this place.
 D = Time resting spent in this place.
 E = Time spent auto-exploring this place.
 F = Levels seen in this place.
 G = Mean time per level.
                   A        B        C        D        E       F      G
               +--------+--------+--------+--------+--------+-----+--------+
         Total |  19004 |  16215 |   2789 |    658 |  10019 |  42 |  452.5 |
       Dungeon |  10241 |   8679 |   1562 |    638 |   5565 |  15 |  682.7 |
          Lair |   2282 |   1963 |    319 |      0 |   1552 |   4 |  570.5 |
        Shoals |    574 |    473 |    101 |      0 |     82 |   4 |  143.5 |
     Snake Pit |   1815 |   1494 |    321 |      0 |    981 |   4 |  453.8 |
  Orcish Mines |   1630 |   1301 |    329 |      0 |    827 |   2 |  815.0 |
        Depths |   1145 |   1083 |     62 |      3 |    463 |   5 |  229.0 |
           Zot |    648 |    556 |     92 |     14 |    234 |   5 |  129.6 |
         Abyss |    491 |    491 |      0 |      2 |    237 |   2 |  245.5 |
       Ossuary |    175 |    175 |      0 |      0 |     75 |   1 |  175.0 |
               +--------+--------+--------+--------+--------+-----+--------+

Top non-repeatable levels by time:
     D:7: 1337 daAuts
    D:12: 1221 daAuts
     D:9: 1213 daAuts
   Orc:2: 1209 daAuts
     D:8: 1047 daAuts
     D:5: 940 daAuts
    D:10: 897 daAuts
  Lair:4: 808 daAuts
     D:6: 793 daAuts
    D:11: 761 daAuts
  Lair:2: 710 daAuts
 Snake:4: 707 daAuts
 Snake:3: 665 daAuts
  Lair:3: 524 daAuts
     D:4: 523 daAuts
